cohdb
Replays
Latest Replays
All Replays
Popular Replays
Top Player Replays
Match Explorer
How It Works
Community
CoH3 Stats
Reddit
Sign in to upload your games and track your stats! →
Sign in with Steam
Match 44876074
Unlisted
Match 44876074
Overview
Messages
Build Orders
End
Construct Barracks
Riflemen Squad
1⁄4-ton 4x4 Truck
Riflemen Squad
Riflemen Squad
Riflemen Squad
Construct Medical Station
Infantry Support Center
Construct Weapon Support Center
M1918 Browning Automatic Rifles
Sniper
Bazooka Squad
Construct Tank Depot
Grenade Package
M4A1 Sherman Medium Tank
Selects Heavy Weapons
Selects Assault Carriers
Selects Halftrack Strongpoints
M18 Hellcat Tank Destroyer
Engineer Squad
Selects M26 Pershing Heavy Tank
Selects M2HB .50cal Heavy Machine Gun
Genki
Sarletor
D4Jimmy
Kitano
0
0
Comments
sign in to comment!
No comments posted yet!